 Dungeon Crawl Stone Soup version 0.31.0-32-g396128a36d (webtiles) character file.

Game seed: 8879581588320137992

1896 hawla the Cruncher (level 8, -1/62 HPs)
             Began as a Minotaur Gladiator on Apr 19, 2024.
             Engulfed by a steam dragon's steam (13 damage)
             ... on level 6 of the Dungeon.
             The game lasted 00:10:53 (5661 turns).

hawla the Cruncher (Minotaur Gladiator)             Turns: 5661, Time: 00:10:54

Health: -1/62      AC:  3    Str: 20    XL:     8   Next: 93%
Magic:  0/6        EV: 12    Int:  5    God:
Gold:   44         SH:  0    Dex: 13    Spells: 7/7 levels left

rFire   . . .        p - +9 staff of Olgreb {rPois∞}
rCold   . . .        (no shield)
rNeg    . . .        b - +0 leather armour
rPois   ∞            (helmet unavailable)
rElec   .            (no cloak)
rCorr   +            (no gloves)
SInv    .            (no boots)
Will    .....        j - amulet of guardian spirit
Stlth   +            w - ring of resist corrosion
HPRegen 0.30/turn    (no ring)
MPRegen 0.10/turn

%: guardian spirit
@: no status effects
A: horns 3, retaliatory headbutt, low MP 1, wild magic 1, MP-powered wands
a: Evoke the Staff of Olgreb


You were on level 6 of the Dungeon.
You visited 2 branches of the dungeon, and saw 7 of its levels.
You also visited: Sewer.

You collected 268 gold pieces.
You spent 224 gold pieces at shops.

Inventory:

Hand Weapons
 a - a +0 long sword
 p - the +9 staff of Olgreb (weapon) {rPois∞}
   (You acquired it on level 3 of the Dungeon)

   Radiate:   It can be activated via the 'a'bility menu to radiate toxic
   energy, with effectiveness depending on Evocations skill.
   Alch:      It enhances your alchemy magic.
   rPois∞: It grants immunity to poison.
Missiles
 e - a throwing net
 o - 9 poisoned darts (quivered)
Armour
 b - a +0 leather armour (worn)
 c - a +0 hat
Jewellery
 j - an amulet of guardian spirit (around neck)
 w - a ring of resist corrosion (left hand)
Wands
 G - a wand of charming (6)
Scrolls
 f - a scroll of fear
 h - 4 scrolls of blinking
 i - a scroll of poison
 k - 2 scrolls of immolation
 l - 2 scrolls of fog
 n - 4 scrolls of teleportation
 r - 2 scrolls of identify
 t - 3 scrolls of vulnerability
 u - a scroll of torment
 A - a scroll of enchant armour
 D - a scroll of revelation
Potions
 d - 3 potions of ambrosia
 g - a potion of attraction
 m - 3 potions of invisibility
 s - a potion of magic
 v - a potion of berserk rage {unknown}
 x - 2 potions of resistance {unknown}
 z - a potion of degeneration {unknown}
 B - a potion of haste {unknown}
 C - a potion of lignification {unknown}
 E - a potion of heal wounds {unknown}
 F - a potion of cancellation {unknown}


   Skills:
 - Level 2.4 Fighting
 - Level 6.2 Long Blades
 + Level 9.0 Staves
 - Level 2.0 Throwing
 - Level 3.2 Dodging
 + Level 6.8 Evocations


You had 7 spell levels left.
You didn't know any spells.
Your spell library was empty.

Dungeon Overview and Level Annotations

Branches:
Dungeon (6/15)             Temple (1/1) D:4           Sewer (visited)

Altars:
Cheibriados
Dithmenos
Elyvilon
Fedhas
Hepliaklqana
Kikubaaqudgha
Okawaru
Ru
Trog
Uskayaw
Vehumet
Wu Jian
Zin

Shops:
D:2 :   D:3 *   D:5 (?!*

Annotations:
Temple 2 transporters


Innate Abilities, Weirdness & Mutations

You have a pair of large horns on your head.
You reflexively headbutt those who attack you in melee.
Your magical capacity is low. (-10% MP)
Your spells are a little harder to cast, but a little more powerful.
You expend magic power (3 MP) to strengthen your wands.


Message History

A white imp is nearby!
The white imp barely misses you. You furiously retaliate!
You headbutt the white imp! You barely miss the white imp.
You headbutt the white imp.
You kill the white imp!
No target in view!
You open the door.
A steam dragon comes into view.
The steam dragon hisses angrily.
The steam dragon breathes steam at you. The ball of steam hits you!!
The steam dragon moves out of view.
You're standing in a cloud of steam!
You're standing in a cloud of steam!
You're standing in a cloud of steam!
No target in view!
No target in view!
You are engulfed in a cloud of scalding steam.
There is an open door here.
The steam dragon bites you. The steam dragon claws you.
The steam dragon breathes steam at you. The ball of steam hits you!
* * * LOW HITPOINT WARNING * * *
The steam dragon closely misses you. x2
Okay, then.
You hit the steam dragon.
You envenom the steam dragon!
The steam dragon is poisoned.
The steam dragon is heavily wounded.
The steam dragon bites you.
* * * LOW HITPOINT WARNING * * *
The steam dragon closely misses you.
You hit the steam dragon.
You envenom the steam dragon!
The steam dragon looks even sicker.
You headbutt the steam dragon, but do no damage.
The steam dragon is almost dead.
The steam dragon breathes steam at you. The ball of steam hits you!
* * * LOW HITPOINT WARNING * * *
You feel better.
You are engulfed in a cloud of scalding steam.
You die...

###########
#..§......#
#.#######[#
####'##### #.#######
#..D.§...# #.......#
#..@.§...# #.......#
#..§.....###.......#
#..§.....'..........
#........#..........
##########.........#
#.........'
###.......#
..'>.......
###........


You could see a steam dragon (very poisoned, catching breath).

Vanquished Creatures
  Prince Ribbit (D:6)
  Grinder (D:4)
  A water moccasin (D:5)
  Duvessa (D:4)
  An orc warrior (D:6)
  2 ogres
  A centaur (D:5)
  A phantom (D:6)
  A scorpion (D:4)
  2 bullfrogs (D:5)
  Dowan (D:4)
  A jelly (D:4)
  An orc priest (D:5)
  2 bombardier beetles
  A gnoll bouda (D:5)
  Terence (D:2)
  A hell rat (Sewer)
  3 iguanas
  4 orc wizards
  A sleepcap (D:5)
  5 gnolls (D:5)
  6 adders
  5 river rats
  A shadow imp (D:5)
  A white imp (D:6)
  2 ribbon worms
  A dart slug (D:3)
  10 orcs
  6 ball pythons
  10 bats
  4 endoplasms
  8 giant cockroaches
  12 goblins
  3 hobgoblins (D:1)
  3 quokkas
  5 frilled lizards
  4 kobolds
  10 rats
124 creatures vanquished.

Notes
Turn   | Place    | Note
-------+----------+-------------------------------------------
     0 | D:1      | hawla the Minotaur Gladiator began the quest for the Orb.
     0 | D:1      | Reached XP level 1. HP: 18/18 MP: 0/0
    80 | D:1      | Reached XP level 2. HP: 25/25 MP: 1/1
   435 | D:1      | Reached skill level 5 in Long Blades
   489 | D:1      | Reached XP level 3. HP: 30/30 MP: 2/2
   779 | D:2      | Noticed Terence
   787 | D:2      | Gained mutation: You have a pair of large horns on your
                  | head. [potion of mutation]
   787 | D:2      | Gained mutation: Your magical capacity is low. (-10% MP)
                  | [potion of mutation]
   787 | D:2      | Gained mutation: You expend magic power (3 MP) to
                  | strengthen your wands. [potion of mutation]
   787 | D:2      | Gained mutation: Your spells are a little harder to cast,
                  | but a little more powerful. [potion of mutation]
   794 | D:2      | Killed Terence
   795 | D:2      | Reached XP level 4. HP: 8/37 MP: 0/2
  1175 | D:2      | Found a bloodstained altar of Trog.
  1443 | D:2      | Found Zobrut's Book Shoppe.
  1613 | D:2      | Found a faded altar of an unknown god.
  1792 | D:3      | Identified a scroll of acquirement
  1796 | D:3      | Acquired the +9 staff of Olgreb {rPois∞}
  1796 | D:3      | Found the +9 staff of Olgreb {rPois∞}
  1804 | D:3      | Noticed an ogre
  1812 | D:3      | Killed an ogre
  1813 | D:3      | Reached skill level 2 in Staves
  1813 | D:3      | Reached skill level 1 in Evocations
  1813 | D:3      | Reached XP level 5. HP: 15/42 MP: 1/3
  1943 | D:3      | Found Xenkiss's General Store.
  2180 | D:3      | Bought a scroll of identify for 28 gold pieces
  2180 | D:3      | Bought a scroll of fear for 56 gold pieces
  2272 | D:3      | Reached skill level 3 in Staves
  2664 | D:4      | Noticed Grinder
  2714 | D:4      | Reached XP level 6. HP: 33/50 MP: 2/4
  2750 | D:4      | Found a glowing drain.
  2755 | Sewer    | Entered a sewer
  2805 | Sewer    | Reached skill level 4 in Staves
  3071 | D:4      | Noticed Duvessa
  3071 | D:4      | Noticed Dowan
  3125 | D:4      | Killed Duvessa
  3153 | D:4      | Killed Grinder
  3154 | D:4      | Reached skill level 5 in Staves
  3154 | D:4      | Reached XP level 7. HP: 29/56 MP: 3/5
  3229 | D:4      | Killed Dowan
  3602 | D:4      | Found a staircase to the Ecumenical Temple.
  3795 | Temple   | Found a transporter.
  3795 | Temple   | Found a transporter.
  3795 | Temple   | Found a transporter.
  3795 | Temple   | Found a transporter.
  3795 | Temple   | Entered the Ecumenical Temple
  3817 | D:5      | Entered Level 5 of the Dungeon
  3831 | D:5      | Reached skill level 6 in Staves
  3835 | D:5      | Found Qangefu's General Store.
  3877 | D:5      | Bought a scroll of identify for 28 gold pieces
  3877 | D:5      | Bought a scroll of identify for 28 gold pieces
  3990 | D:5      | Reached skill level 5 in Evocations
  4070 | D:5      | Reached XP level 8. HP: 62/62 MP: 6/6
  4167 | D:5      | Reached skill level 7 in Staves
  4496 | D:5      | Found Baodd's Antique Weapon Shop.
  4503 | D:5      | Found Vederr's Magic Scroll Boutique.
  4560 | D:5      | Bought 2 scrolls of identify for 56 gold pieces
  4560 | D:5      | Bought a scroll of identify for 28 gold pieces
  4643 | D:5      | Reached skill level 8 in Staves
  5020 | D:5      | Found Issey's Distillery.
  5385 | D:6      | Noticed Prince Ribbit
  5396 | D:6      | Killed Prince Ribbit
  5631 | D:6      | Reached skill level 9 in Staves
  5660 | D:6      | HP: 3/62 [steam dragon/ball of steam (9)]
  5661 | D:6      | Engulfed by a steam dragon's steam

Illustrated notes

Levels and vault maps discovered:
D:1:      eino_arrival_cavern_d, layout_basic
D:2:      layout_basic, serial_shops, nicolae_shop_window_shopping, basic_altar,
          dreamdust_ecumenical_altar_angels_and_demons, uniq_terence
D:3:      layout_basic, serial_shops, nicolae_shop_waterfront, roderic_batcave
D:4:      layout_basic, minmay_temple_entry_enclosed_plants,
          mainiacjoe_sewer_entry_somewhere_in_here_1, uniq_duvessa, uniq_grinder
D:5:      layout_layer_cave, serial_shops, shop, nicolae_shop_back_alley_shop,
          nicolae_square_shop, nicolae_shop_overgrown_old_shop
D:6:      layout_basic, mainiacjoe_overflow_surrounded_room,
          regret_index_xom_buried_treasure, uniq_prince_ribbit1
Temple:   hellmonk_temple_divided_pantheon

Skill      XL: |  1  2  3  4  5  6  7  8 |
---------------+-------------------------+-----
Long Blades    | 4 5 6 |  6.2
Staves         | 2 3 5 6 9 |  9.0
Evocations     | 1 2 4 5 6 |  6.8
Fighting       | |  2.4
Throwing       | |  2.0
Dodging        | |  3.2

Action                     |  1- 3 |  4- 6 |  7- 9 || total
---------------------------+-------+-------+-------++-------
  Melee: Long sword        |    74 |    14 |       ||    88
         Headbutt          |     7 |    18 |    18 ||    43
         Staff             |       |    97 |    87 ||   184
         Punch             |       |     2 |     2 ||     4
  Throw: Throwing net      |     3 |     1 |     2 ||     6
         Dart              |       |     4 |     3 ||     7
Ability: Evoke the Staff o |       |     1 |       ||     1
    Use: Potion            |     2 |       |     1 ||     3
         Scroll            |       |    13 |     6 ||    19
   Stab: Sleeping          |     1 |       |       ||     1
         Held in net/web   |     1 |       |     2 ||     3
 Armour: Leather armour    |    35 |    73 |    41 ||   149
  Dodge: Dodged            |    44 |    50 |    44 ||   138
